Map: Lerilak Crest

Players

Aquirdturtle - Winner!

  • Race: Zerg Zerg
  • League: Bronze

wabbajack

  • Race: Zerg Zerg
  • League: Gold

VOD

Have the link to the VOD?

Description

Time

  • Played on: July 19, 2015, 4:58 p.m.
  • Length: 12:37
Show
View Real Time Build Order
Export as new Build Order

Aquirdturtle Zerg - Winner!

Build Orders: Pool First, Lurkers 

Get SALT Encoding   

  12  0:01  Drone  
  13  0:09  Drone  
  14  0:17  Overlord  
  14  0:24  Drone, Extractor  
  15  0:35  Drone x2  
  17  0:46  Spawning Pool  
  17  0:49  Drone  
  17  0:55  Drone  
  18  1:14  Hatchery  
  17  1:22  Drone x2, Extractor  
  18  1:27  Drone  
  19  1:41  Drone  
  19  1:46  Queen  
  22  1:49  Overlord  
  22  2:07  Drone  
  23  2:12  Drone  
  24  2:21  Drone, Queen  
  27  2:24  Metabolic Boost  
  27  2:25  Queen  
  27  2:26  Drone  
  30  2:35  Zergling x2  
  32  2:51  Zergling x6  
  32  2:57  Queen  
  32  2:58  Baneling Nest  
  35  3:02  Drone  
  36  3:09  Overlord  
  36  3:23  Overlord  
  36  3:26  Queen  
  38  3:29  Drone x2  
  38  3:30  Drone x4  
  44  3:41  Drone x3  
  47  3:53  Extractor  
  46  3:56  Baneling x2, Extractor  
  46  3:57  Drone  
  46  3:58  Drone x2  
  46  3:59  Drone x2  
  49  4:03  Spine Crawler  
  49  4:06  Spine Crawler  
  46  4:21  Zergling x6  
  46  4:22  Zergling x10  
  52  4:31  Drone, Zergling x2  
  48  4:36  Zergling x2  
  50  4:46  Drone x2  
  50  4:51  Overlord x2  
  49  5:02  Spine Crawler  
  44  5:09  Drone  
  44  5:10  Drone  
  44  5:11  Drone x2  
  47  5:15  Baneling x2  
  47  5:16  Drone x2  
  48  5:22  Zergling x8  
  49  5:35  Zergling x8  
  48  5:36  Zergling x2  
  48  5:37  Queen  
  55  5:49  Lair  
  53  5:51  Zergling x10  
  53  5:56  Baneling x3  
  58  5:59  Drone  
  58  6:03  Drone x2  
  61  6:07  Drone  
  61  6:12  Drone x2  
  63  6:19  Drone  
  63  6:20  Drone  
  62  6:35  Extractor  
  61  6:42  Evolution Chamber  
  61  6:46  Evolution Chamber  
  59  6:50  Zergling x2  
  59  6:51  Zergling x10  
  65  6:56  Hatchery  
  65  7:00  Baneling x4  
  64  7:03  Baneling x4  
  64  7:04  Baneling  
  64  7:08  Hatchery  
  60  7:31  Zerg Ground Armor Level 1, Zerg Melee Weapons Level 1  
  60  7:36  Hydralisk Den  
  56  7:37  Queen  
  56  7:38  Zergling x14  
  56  7:39  Zergling x4  
  63  7:44  Spine Crawler x2  
  63  7:50  Zergling x8  
  65  7:55  Drone, Spine Crawler x2  
  65  7:57  Spine Crawler  
  63  8:00  Spine Crawler  
  63  8:03  Drone  
  62  8:05  Drone x2  
  62  8:08  Drone x2  
  62  8:10  Hydralisk x3  
  72  8:14  Drone  
  73  8:20  Hydralisk  
  73  8:21  Hydralisk  
  77  8:28  Lurker Den  
  78  8:44  Drone x2  
  78  8:48  Drone  
  79  8:54  Drone  
  71  9:08  Drone x3, Queen  
  73  9:10  Queen  
  74  9:31  Zergling x8  
  75  9:32  Zergling x6  
  77  9:42  Overlord x2  
  77  9:46  Spine Crawler  
  77  9:47  Overlord x3  
  76  10:04  Lurker x3  
  76  10:05  Lurker  
  80  10:07  Baneling x5  
  80  10:08  Zergling x4, Baneling  
  80  10:09  Zergling x8  
  80  10:11  Drone x5  
  80  10:12  Drone  
  80  10:13  Zergling x2  
  93  10:30  Zergling x6  
  93  10:35  Overlord x2  
  96  10:48  Hydralisk x5  
  96  10:49  Hydralisk x3  
  112  11:11  Pneumatized Carapace  
  112  11:18  Extractor  
  112  11:21  Extractor  
  109  11:27  Baneling x4  
  109  11:32  Hydralisk x2  
  108  11:36  Baneling x3  
  108  11:37  Baneling x3  
  112  11:41  Hydralisk x5  
  112  11:42  Hydralisk  
  112  11:43  Zergling x8  
  126  12:01  Lurker x3  
  127  12:02  Overlord  
  127  12:03  Overlord  
  127  12:18  Lurker  
  127  12:19  Overlord x2  
Show
View Real Time Build Order
Export as new Build Order

wabbajack Zerg 

Build Orders: Hatch First, Zergling Baneling 

Get SALT Encoding   

  12  0:03  Drone  
  13  0:15  Overlord  
  13  0:21  Drone  
  13  0:26  Drone, Extractor  
  14  0:34  Drone  
  16  0:38  Drone  
  17  0:58  Hatchery  
  16  1:06  Extractor  
  16  1:07  Drone  
  16  1:08  Drone  
  16  1:10  Drone  
  18  1:20  Spawning Pool  
  18  1:22  Drone  
  18  1:32  Drone  
  19  1:44  Overlord  
  19  1:54  Drone  
  20  2:08  Queen  
  22  2:09  Metabolic Boost  
  22  2:13  Queen  
  24  2:21  Drone  
  25  2:24  Drone  
  25  2:26  Drone  
  27  2:30  Overlord  
  27  2:37  Drone  
  28  2:39  Drone  
  29  2:55  Baneling Nest, Zergling x8  
  32  3:04  Overlord  
  32  3:08  Queen  
  34  3:22  Zergling x2  
  34  3:23  Zergling x20  
  45  3:32  Overlord x2  
  45  3:40  Spine Crawler  
  43  3:49  Baneling  
  43  3:51  Baneling  
  43  3:52  Baneling x4  
  43  3:59  Zergling x12  
  40  4:45  Baneling x5  
  39  4:48  Zergling x2  
  39  4:49  Zergling x22  
  29  5:47  Drone  
  29  5:48  Drone x11  
  41  5:52  Lair  
  41  5:53  Spine Crawler  
  41  5:55  Spine Crawler  
  41  5:56  Hatchery  
  41  5:57  Extractor  
  37  5:59  Roach Warren  
  37  6:01  Spine Crawler  
  36  6:29  Zergling x4  
  36  6:30  Zergling x6  
  41  6:36  Overlord x2  
  41  6:49  Roach x4  
  41  6:50  Roach x4  
  57  7:00  Roach x3  
  63  7:05  Roach  
  65  7:17  Spine Crawler  
  65  7:20  Extractor  
  58  8:06  Roach  
  58  8:07  Roach x5  
  58  8:08  Zergling x12  
  76  8:31  Overlord x2  
  76  8:32  Overlord  
  76  8:39  Extractor  
  75  8:42  Hatchery  
  74  8:54  Zergling x10  
  43  9:47  Extractor  
  41  9:54  Drone x3  
  41  9:56  Drone  
  41  9:58  Drone x5  
  41  9:59  Drone x2  
  40  10:08  Roach x5  
  40  10:11  Queen  
  52  10:20  Roach x8  
  68  10:31  Hatchery  
  68  10:35  Evolution Chamber  
  66  10:36  Evolution Chamber  
  66  10:37  Drone x3  
  66  11:05  Drone x5  
  66  11:06  Drone x5  
  66  11:07  Drone x5  
  66  11:08  Drone  
  82  11:12  Overlord  
  82  11:13  Overlord  
  82  11:15  Drone x2  
  84  11:21  Overlord x2, Extractor  
  84  11:25  Extractor  
  82  11:53  Drone x3, Spine Crawler  
  83  11:54  Drone x3  
  83  11:55  Overlord x2, Spine Crawler  
  85  12:19  Overlord  
  85  12:27  Spore Crawler  
Tags
 
Add a new tag
Caveats
  • Supply blocks, unpowered buildings, or Contaminate may cause inaccurate times.
  • Supply counts are checked every 10 seconds.